 Dungeon Crawl Stone Soup version 0.32-a0-42-ga30500b4d3 (webtiles) character file.

Game seed: 7262800146588288614

33 CougarLife the Chopper (level 3, 0/33 HPs)
             Began as a Hill Orc Monk on Feb 2, 2024.
             Slain by an adder (3 damage)
             ... on level 3 of the Dungeon.
             The game lasted 00:02:17 (1206 turns).

CougarLife the Chopper (Hill Orc Monk)              Turns: 1206, Time: 00:02:18

Health: 0/33       AC:  4    Str: 15    XL:     3   Next: 29%
Magic:  3/3        EV: 12    Int: 10    God:
Gold:   2          SH:  0    Dex: 13    Spells: 2/2 levels left

rFire   . . .        a - +0 hand axe
rCold   . . .        d - orb {light}
rNeg    . . .        b - +0 robe
rPois   .            l - +0 helmet
rElec   .            (no cloak)
rCorr   .            (no gloves)
SInv    .            m - +0 pair of boots
Will    +....        (no amulet)
Stlth   +            f - ring of willpower
HPRegen 0.25/turn    (no ring)
MPRegen 0.08/turn

%: no passive effects
@: lethally poisoned (0 -> -2), glowing
A: no striking features
a: no special abilities


You were on level 3 of the Dungeon.
You visited 1 branch of the dungeon, and saw 3 of its levels.

You collected 22 gold pieces.
You spent 20 gold pieces at shops.

Inventory:

Hand Weapons
 a - a +0 hand axe (weapon)
Missiles
 h - 8 poisoned darts (quivered)
Armour
 b - a +0 robe (worn)
 d - an orb of light (worn)
 l - a +0 helmet (worn)
 m - a +0 pair of boots (worn)
Jewellery
 f - a ring of willpower (left hand)
 p - a ring of flight
Scrolls
 e - a scroll of poison
 i - a scroll of enchant weapon
 j - a scroll of fear
 o - a scroll of vulnerability {unknown}
 r - a scroll of amnesia {unknown}
 s - a scroll of revelation {unknown}
Potions
 c - a potion of ambrosia
 g - 2 potions of haste {unknown}
 k - a potion of might {unknown}
 n - 2 potions of attraction {unknown}
 q - a potion of heal wounds {unknown}
 t - a potion of berserk rage {unknown}


   Skills:
 + Level 4.0 Fighting
 * Level 4.7 Axes
 - Level 3.0 Dodging


You had 2 spell levels left.
You didn't know any spells.
Your spell library contained the following spells:

 Spells                   Type           Power      Damage    Failure   Level
 Slow                     Hex            0%         N/A       36%         1
 Confusing Touch          Hex            0%         N/A       75%         3
 Sigil of Binding         Hex            0%         N/A       75%         3
 Vampiric Draining        Necr           0%         2d6       75%         3


Dungeon Overview and Level Annotations

Branches:
Dungeon (3/15)

Altars:

Shops:
D:1 *?**:


Message History

The adder bites you. The hobgoblin misses you.
You climb downwards.
Found 6 gold pieces.
There is a stone staircase leading up here.
You hit the hobgoblin.
The hobgoblin is almost dead.
The hobgoblin barely misses you.
You hit the hobgoblin.
You kill the hobgoblin!
You slash the giant cockroach!
You kill the giant cockroach!
Your Fighting skill increases to level 4!
There is a stone staircase leading up here.
You climb upwards.
The adder closely misses you. The gnoll barely misses you.
The adder closely misses you.
There is a stone staircase leading down here.
HP restored.
The gnoll hits you with a +0 flail! The adder barely misses you.
You climb downwards.
There is a stone staircase leading up here.
You barely miss the gnoll. You barely miss the adder.
The gnoll hits you with a +0 flail! The adder bites you.
You are poisoned.
The adder poisons you!
You are too injured to fight recklessly!
You are too injured to fight recklessly!
You barely miss the gnoll. You hit the adder but do no damage.
You feel sick. The adder barely misses you. The gnoll misses you.
The adder bites you.
* * * LOW HITPOINT WARNING * * *
The gnoll misses you.
You hit the gnoll.
The gnoll is lightly wounded.
You hit the adder.
You feel sick. The adder closely misses you.
The gnoll hits you with a +0 flail.
* * * LOW HITPOINT WARNING * * *
You hit the gnoll but do no damage.
The gnoll is lightly wounded.
You hit the adder.
* * * LOW HITPOINT WARNING * * *
You feel sick. The adder bites you.
You die...

#######+#######
.......S.......
#..g@# #.†.##
#...# #$.....
#.....##
#...... #....##
#.... #....


You could see a gnoll and an adder.

Vanquished Creatures
  An adder (D:2)
  A dart slug (D:1)
  4 bats
  3 endoplasms (D:1)
  2 giant cockroaches
  A goblin (D:1)
  2 hobgoblins
  2 kobolds (D:1)
  4 ball pythons
  A frilled lizard (D:2)
  A rat (D:1)
22 creatures vanquished.

Notes
Turn   | Place    | Note
-------+----------+-------------------------------------------
     0 | D:1      | CougarLife the Hill Orc Monk began the quest for the Orb.
     0 | D:1      | Reached XP level 1. HP: 19/19 MP: 1/1
    29 | D:1      | Found Gient's Assorted Antiques.
    45 | D:1      | Found Ceapt's Book Boutique.
   318 | D:1      | Reached XP level 2. HP: 18/26 MP: 2/2
   375 | D:1      | Found Giaply's Assorted Antiques.
   678 | D:1      | Found Lamad's General Store.
   686 | D:1      | Bought a scroll of identify for 20 gold pieces
   695 | D:1      | Found Feitem's Magic Scroll Shop.
  1129 | D:2      | Reached XP level 3. HP: 33/33 MP: 3/3
  1206 | D:3      | Slain by an adder

Illustrated notes

Levels and vault maps discovered:
D:1:      onia_arrival_pentagram, layout_loops_corners, serial_shops, shop,
          shop, nicolae_diamond_shop, nicolae_shop_trees, shop,
          minmay_pentomino_v4
D:2:      layout_basic, basic_altar, moated_statue, minmay_circle_x, uniq_robin
D:3:      layout_basic, chequers_serial_rivers_micro_a, minmay_door_square,
          kennysheep_generic_room_16

Skill      XL: |  1  2  3 |
---------------+----------+-----
Dodging        | 3 |  3.0
Fighting       | 4 |  4.0
Axes           | |  4.7

Action                     || total
---------------------------++-------
  Melee: Hand axe          ||    58
    Use: Scroll            ||     3
 Armour: Robe              ||    29
  Dodge: Dodged            ||    57

Table legend: (Time is in decaauts)
 A = Elapsed time spent in this place.
 B = Non-inter-level travel time spent in this place.
 C = Inter-level travel time spent in this place.
 D = Time resting spent in this place.
 E = Time spent auto-exploring this place.
 F = Levels seen in this place.
 G = Mean time per level.
                   A        B        C        D        E       F      G
               +--------+--------+--------+--------+--------+-----+--------+
         Total |   1211 |   1129 |     82 |     48 |    862 |   3 |  403.7 |
       Dungeon |   1211 |   1129 |     82 |     48 |    862 |   3 |  403.7 |
               +--------+--------+--------+--------+--------+-----+--------+

Top non-repeatable levels by time:
     D:1: 1053 daAuts
     D:2: 145 daAuts
     D:3: 11 daAuts
